 Dungeon Crawl Stone Soup version 0.30-a0-439-g9e77e4d916 (console) character file.

Game seed: 3252830226779544862

387154 jejorda2 the Merfolkian Porcupine (level 23, -1/207 HPs)
             Began as a Merfolk Berserker on Dec 9, 2022.
             Was the Champion of Trog.
             Killed from afar by an ancient lich (60 damage)
             ... with a crystal spear
             ... on level 5 of the Vaults on Dec 10, 2022.
             The game lasted 03:25:08 (57796 turns).

jejorda2 the Merfolkian Porcupine (MfBe)           Turns: 57796, Time: 03:25:09

Health: -1/207     AC: 41    Str: 22    XL:     23   Next: 2%
Magic:  7/23       EV: 20    Int:  7    God:    Trog [******]
Gold:   4178       SH:  0    Dex: 25    Spells: 22/22 levels left

rFire   + + .      SeeInvis +    a - +6 bardiche of Midnight {flame, Dex+2}
rCold   + . .      Faith    +    (shield currently unavailable)
rNeg    . . .      Spirit   .    U - +2 plate armour {rF+}
rPois   +          Reflect  .    R - +2 helmet {SInv}
rElec   +          Harm     .    G - +2 cloak {rCorr}
rCorr   +          Rampage  +    X - +5 pair of gloves of Etilimeu {rPois rF+ Dex+4}
Will    ++++.                    e - +2 pair of boots {rampage}
Stlth   ..........               c - amulet "Jefadd" {Faith rElec rC+}
HPRegen 1.54/turn                F - ring "Ceunam" {AC+4 Str-4 Dex+4 Slay+5}
MPRegen 0.18/turn                v - ring of willpower

@: strong-willed, regenerating, hasted, studying Ranged Weapons, very quick
A: (nimble swimmer 2), mertail
}: 2/15 runes: barnacled, gossamer
a: Renounce Religion, Berserk, Trog's Hand, Brothers in Arms


You were on level 5 of the Vaults.
You worshipped Trog.
Trog was exalted by your worship.
You visited 7 branches of the dungeon, and saw 38 of its levels.
You visited the Abyss 3 times.
You also visited: Sewer, Bailey, Gauntlet and Ice Cave.

You collected 6330 gold pieces.
You spent 2152 gold pieces at shops.

Inventory:

Hand Weapons
 a - the +6 bardiche of Midnight (weapon) {flame, Dex+2}
   (Trog gifted it to you on level 4 of the Spider Nest)

   It burns those it strikes, dealing additional fire damage.
   Big, fiery blades are also staple armaments of hydra-hunters.
   Dex:       It affects your dexterity (+2).
 b - a +8 antimagic bardiche
 w - the +5 glaive of Ganef {antimagic, +Blink rN+ Dex-4 SInv}
   (Trog gifted it to you on level 2 of the Elven Halls)

   It reduces the magical energy of the wielder, and disrupts the spells and
   magical abilities of those it strikes.
   Natural abilities and divine invocations are not affected.
   Dex:       It affects your dexterity (-4).
   rN:        It protects you from negative energy.
   SInv:      It lets you see invisible.
   +Blink:    It lets you blink.
Missiles
 d - 6 datura-tipped darts
 h - 5 curare-tipped darts
 o - 37 poisoned darts
 q - 4 throwing nets
 A - 34 boomerangs (quivered)
 J - 13 silver javelins
 O - 17 javelins
 Z - 8 silver boomerangs
Armour
 e - a +2 pair of boots of rampaging (worn)
 G - a +2 cloak of preservation (worn)
 R - a +2 helmet of see invisible (worn)
 U - a +2 plate armour of fire resistance (worn)
 X - the +5 pair of gloves of Etilimeu (worn) {rPois rF+ Dex+4}
   (You found it on level 3 of the Elven Halls)

   Dex:       It affects your dexterity (+4).
   rF:        It protects you from fire.
   rPois:     It protects you from poison.
Jewellery
 c - the amulet "Jefadd" (around neck) {Faith rElec rC+}
   (You acquired it on level 3 of the Dungeon)

   [amulet of faith]

   It allows you to gain divine favour quickly.
   rC:        It protects you from cold.
   rElec:     It insulates you from electricity.
 v - a ring of willpower (right hand)
 F - the ring "Ceunam" (left hand) {AC+4 Str-4 Dex+4 Slay+5}
   (You found it in a Gauntlet)

   [ring of protection]

   AC:        It affects your AC (+4).
   Str:       It affects your strength (-4).
   Dex:       It affects your dexterity (+4).
   Slay:      It affects your accuracy & damage with ranged weapons and melee
   (+5).
 S - the ring of Bidwuzi {Fly rPois rC+ MP-9}
   (You bought it in a shop on level 2 of the Orcish Mines)

   [ring of poison resistance]

   rC:        It protects you from cold.
   rPois:     It protects you from poison.
   MP:        It affects your magic capacity (-9).
   Fly:       It grants you flight.
Wands
 f - a wand of paralysis (27)
 l - a wand of mindburst (59)
 n - a wand of digging (10)
 z - a wand of flame (63)
 H - a wand of quicksilver (8)
 M - a wand of roots (34)
 P - a wand of polymorph (18)
Scrolls
 g - 10 scrolls of teleportation
 p - 9 scrolls of fear
 t - 3 scrolls of summoning
 y - 2 scrolls of silence
 C - 5 scrolls of blinking
 D - 3 scrolls of fog
 L - 8 scrolls of magic mapping
 T - 3 scrolls of enchant armour
Potions
 i - 14 potions of curing
 j - a potion of invisibility
 k - 4 potions of haste
 m - 4 potions of heal wounds
 r - 7 potions of resistance
 s - 6 potions of lignification
 u - 12 potions of mutation
 x - 6 potions of might
 B - 9 potions of attraction
 I - 4 potions of berserk rage
 K - a potion of cancellation
 N - 2 potions of flight
 W - 7 potions of ambrosia
Miscellaneous
 E - a lightning rod (4/4)
 Q - a tin of tremorstones (2/2)
 Y - a condenser vane (inert)


   Skills:
 + Level 23.4 Fighting
 O Level 27 Polearms
 + Level 16.2 Throwing
 + Level 17.1 Armour
 + Level 19.3 Dodging
 + Level 3.0 Stealth
 + Level 9.1 Evocations


You had 22 spell levels left.
You didn't know any spells.
Your spell library was empty.

Dungeon Overview and Level Annotations

Branches:
Dungeon (15/15)            Temple (0/1) D:7            Lair (5/5) D:10
 Shoals (4/4) Lair:2       Spider (4/4) Lair:2        Slime (0/5) Lair:4
    Orc (2/2) D:11            Elf (3/3) Orc:2        Vaults (5/5) D:14
  Crypt (0/3) Vaults:2     Depths (0/4) D:15          Sewer (visited)
 Bailey (visited)           IceCv (visited)         Gauntlet (visited)

Altars:
Ashenzari
Dithmenos
Elyvilon
Fedhas
Hepliaklqana
Kikubaaqudgha
Makhleb
Nemelex Xobeh
Qazlal
Ru
Sif Muna
Trog
Uskayaw
Xom
Yredelemnul
Zin
Jiyva

Shops:
D:6 [=   D:10 !   D:11 [(   Orc:1 [:!:   Orc:2 =[(*   Elf:3 [   Shoals:2 (
Shoals:3 !   Vaults:1 [

Annotations:
Lair:2 2 transporters, Cenuekhar's ghost, journeyman MeEE
Vaults:4 3 runed translucent doors, Jesycrur's ghost, veteran OpEE; Lisoumnu's ghost, adept VSBe


Innate Abilities, Weirdness & Mutations

((You are very nimble when in or above water. (Stealth+, EV+, Speed+++)))
Your lower body shifts to a powerful aquatic tail in water.


Message History

The ettin looks frightened!
The ancient lich is unaffected.
The titan resists with almost no effort.
The ettin looks frightened!
Unknown command.
You slice the titan!! You burn the titan!
You kill the titan!
Trog accepts your kill.
Trog appreciates your killing of a magic user.
An ironbound preserver comes into view. It is wielding a +0 dire flail.
The ancient lich casts a spell.
The ancient lich flickers and vanishes for a moment.
The ettin hits your iron troll with a +0 dire flail!! x2
The vault guard hits you from afar with a +5 glaive of venom.
* * * LOW HITPOINT WARNING * * *
The ettin is engulfed in blazing flames.
Reach: a) +6 bardiche of Midnight {flame, Dex+2}
Press: ? - help, Dir - move target, f - ettin
Aim: an ettin, wielding two +0 dire flails (almost dead, fleeing, ally target, about 10% to evade the +6 bardiche of Midnight)
Okay, then.
Unknown command.
Unknown command.
You slice the ettin!! You burn the ettin.
You kill the ettin!
Trog accepts your kill.
Unknown command.
Reach: a) +6 bardiche of Midnight {flame, Dex+2}
Press: ? - help, Dir - move target, f - vault guard
Aim: a vault guard, wielding a +5 glaive of venom and wearing a +0 plate armour (about 20% to evade the +6 bardiche of Midnight)
You reach to attack!
You open the vault guard like a pillowcase!!!
You burn the vault guard!
The vault guard is severely wounded.
Your iron troll is engulfed in blazing flames.
Your iron troll bites the ettin!
Your iron troll claws the ettin!!
The ettin dies!
Trog accepts your kill.
The ironbound preserver is engulfed in blazing flames.
The ancient lich points at you and mumbles some strange words.
The crystal spear hits you!!!
You die...

..........).#
..........).#
..........§§#
........§§§§#
########.§.§#
#..Lp§#
...#§T#
.#.##.)# .#
#@†# #..#
#p.# #..#
#..# #..#
#..# #..#


You could see an ironbound preserver, an ancient lich (invisible), a vault guard
and a friendly iron troll (summoned, berserk).

Vanquished Creatures
  Saint Roka (Orc:1)
  Bai Suzhen (Spider:3)
  Nikola (Shoals:3)
  Arachne (Spider:2)
  A tentacled monstrosity (Vaults:5)
  Jorgrun (Shoals:1)
  A Hell Sentinel (Abyss:2)
  A lich (Vaults:4)
  2 deep elf blademasters (Elf:3)
  A titan (Vaults:5)
  4 deep elf master archers (Elf:3)
  A kraken (Shoals:3)
  An Executioner (Abyss:2)
  A sphinx (Vaults:3)
  An ancient champion (Vaults:2)
  4 tentacled starspawn
  2 tengu reavers
  Donald (Vaults:1)
  Ilsuiw (Shoals:3)
  A daeva (Abyss:3)
  A fire giant (Vaults:5)
  2 emperor scorpions
  9 deep elf sorcerers
  A fenstrider witch (Shoals:4)
  3 ghost moths
  Aizul (Shoals:3)
  An orc warlord (Bailey)
  10 ironbound preservers
  11 vault wardens
  2 broodmothers
  A ghoul (Vaults:2)
  5 deep elf elementalists (Elf:3)
  A reaper (IceCv)
  Nessos (D:12)
  A stone giant (Vaults:5)
  4 war gargoyles
  11 very ugly things
  6 ironbound thunderhulks
  15 dire elephants
  A minotaur (Gauntlet)
  5 deep elf demonologists (Elf:3)
  9 deep elf annihilators (Elf:3)
  2 spark wasps
  The ghost of Seafoe the Spear-Bearer, a journeyman MiBe of Trog (Orc:1)
  11 merfolk impalers
  6 merfolk javelineers
  An eidolon (Abyss:2)
  An ettin (Vaults:5)
  A crystal guardian (Vaults:2)
  The ghost of pdpol the Grappler, a journeyman TrMo of Nemelex Xobeh (D:11)
  A fire dragon (Lair:5)
  7 yaktaur captains
  5 deep elf high priests
  A rakshasa (Abyss:2)
  18 vault guards
  4 great orbs of eyes
  3 peacekeepers
  3 entropy weavers
  3 radroaches
  3 ogre magi
  A death knight (D:14)
  10 two-headed ogres
  8 hydras
  3 merfolk avatars
  A jorogumo (Spider:4)
  2 catoblepae
  9 ironbound frosthearts
  A tengu warrior (D:14)
  13 boulder beetles
  14 centaur warriors
  A titan zombie (Abyss:3)
  2 vampire magi (Vaults:2)
  3 merfolk aquamancers
  4 satyrs
  3 death yaks (Gauntlet)
  29 dancing weapons
  Urug (Lair:4)
  6 thrashing horrors
  4 orc high priests (Orc:2)
  4 wretched stars (Abyss:2)
  A hell knight (Abyss:2)
  8 deep elf knights
  6 skeletal warriors
  A fire crab (Lair:5)
  11 sea snakes
  A sixfirhy (Abyss:3)
  Lodul (D:10)
  10 pharaoh ants
  2 glowing orange brains
  11 steelbarb worms
  3 necromancers
  5 sun moths
  37 deep trolls
  9 orb spiders
  8 lindwurms
  7 wizards
  8 ironbound convokers
  8 deep elf archers
  An obsidian statue (Gauntlet)
  6 orc knights
  2 phantasmal warriors
  27 deep elf zephyrmancers
  13 harpies
  20 wolf spiders
  14 cyclopes
  A salamander (D:15)
  24 deep elf pyromancers
  4 orc sorcerers
  26 fauns
  25 ugly things
  A centaur zombie (Abyss:2)
  2 moths of wrath
  11 manticores
  A smoke demon (Abyss:2)
  Maurice (D:9)
  2 apocalypse crabs (Abyss:2)
  20 vault sentinels
  8 large abominations
  5 merfolk sirens
  5 water nymphs
  20 elephants
  2 human skeletons (Vaults:3)
  8 black mambas
  2 ice statues (IceCv)
  11 torpor snails
  A hellion (Abyss:2)
  2 orange demons
  A gargoyle (D:11)
  5 cane toads
  3 molten gargoyles (Lair:5)
  An unseen horror (D:13)
  14 yaktaurs
  16 demonic crawlers
  2 minotaur zombies (Gauntlet)
  A rime drake (Lair:1)
  13 komodo dragons
  3 kobold demonologists
  Psyche (D:9)
  A freezing wraith (Abyss:3)
  An ancient zyme (Abyss:2)
  27 merfolk
  6 ice devils
  2 trolls
  Prince Ribbit (D:8)
  A tarantella (shapeshifter) (D:13)
  10 meliai
  4 wind drakes
  A hornet (D:7)
  Grinder (D:3)
  22 tarantellas
  A blink frog (shapeshifter) (Elf:2)
  21 slime creatures
  28 dream sheep
  4 raiju
  17 blink frogs
  A tengu simulacrum (Vaults:3)
  12 snapping turtles
  A jumping spider (shapeshifter) (D:13)
  39 jumping spiders
  21 starcursed masses
  2 spriggans (shapeshifter) (D:13)
  2 air elementals
  2 vampires
  18 culicivoras
  10 wyverns
  4 ynoxinuls
  3 flying skulls (Abyss:2)
  2 fire elementals (Elf:1)
  44 yaks
  5 basilisks
  9 water elementals
  6 wraiths
  A chaos spawn (Abyss:2)
  2 steam dragons
  A death yak simulacrum (IceCv)
  59 redbacks
  2 neqoxecs (Abyss:2)
  4 small abominations
  8 vampire mosquitoes
  Menkaure (D:5)
  An acid dragon (shapeshifter) (Elf:2)
  A warg (Orc:2)
  5 acid dragons
  5 hell hounds (Lair:5)
  A glowing shapeshifter zombie (Vaults:3)
  3 hydra simulacra (IceCv)
  15 water moccasins
  Pargi (Sewer)
  A meliai simulacrum (D:11)
  A human zombie (Vaults:3)
  2 ice beasts
  A black bear (D:8)
  36 orc warriors
  4 sky beasts
  18 ogres
  9 boggarts
  13 wolves
  3 centaurs
  4 kobold brigands
  8 bullfrogs
  Blork the orc (D:5)
  A phantom (D:6)
  4 earth elementals
  2 cane toad simulacra (IceCv)
  4 scorpions
  2 two-headed ogre simulacra (IceCv)
  9 wights
  An elephant simulacrum (IceCv)
  6 killer bees (D:11)
  2 howler monkeys
  5 lava snakes (Lair:5)
  2 quasits (Abyss:2)
  An iron imp (Abyss:3)
  6 jellies
  15 orc priests
  5 hounds
  A gnoll bouda (Lair:5)
  Ijyb (D:5)
  3 iguanas (D:4)
  4 troll simulacra (IceCv)
  23 orc wizards
  3 spriggan simulacra (IceCv)
  2 polar bear simulacra (IceCv)
  6 gnolls
  2 naga simulacra (IceCv)
  8 adders
  2 shadow imps
  4 white imps
  9 ufetubi
  5 worms
  4 dart slugs
  61 orcs
  8 ball pythons
  8 endoplasms
  3 giant cockroaches
  14 goblins
  8 hobgoblins
  5 jackals
  24 kobolds
  4 quokkas
  7 bats
  3 frilled lizards
  3 rats
  2 starspawn tentacles (Abyss:3)
  A tentacle (Shoals:3)
1615 creatures vanquished.

Vanquished Creatures (collateral kills)
  A titan (Vaults:5)
  An iron dragon (Vaults:5)
  An ettin (Vaults:5)
  A two-headed ogre (D:10)
  A death yak (Gauntlet)
  Amaemon (Lair:3)
  A sea snake (Shoals:3)
  An elephant (Lair:1)
  A komodo dragon (Lair:3)
  A merfolk (Shoals:3)
  A snapping turtle (Shoals:3)
11 creatures vanquished.

Vanquished Creatures (others)
  Asterion (Elf:3)
  A frost giant (Vaults:5)
  A wizard (Vaults:1)
  A deep elf pyromancer (Elf:1)
  A faun (Shoals:1)
  An efreet (D:11)
  An orc priest (Orc:2)
  28 fungi
  152 plants
  9 starspawn tentacles
  4 tentacles (Shoals:3)
200 creatures vanquished.

Grand Total: 1826 creatures vanquished

Notes
Turn   | Place    | Note
-------+----------+-------------------------------------------
     0 | D:1      | jejorda2 the Merfolk Berserker began the quest for the Orb.
     0 | D:1      | Reached XP level 1. HP: 18/18 MP: 1/1
    39 | D:1      | Reached XP level 2. HP: 19/24 MP: 2/2
   255 | D:1      | Found a faded altar of an unknown god.
   369 | D:1      | Reached XP level 3. HP: 27/29 MP: 3/3
   781 | D:1      | Reached skill level 5 in Polearms
   914 | D:1      | Reached ** piety under Trog
  1386 | D:2      | Reached XP level 4. HP: 37/37 MP: 4/4
  2091 | D:3      | Found a shadowy altar of Dithmenos.
  2186 | D:3      | Noticed Grinder
  2199 | D:3      | Killed Grinder
  2200 | D:3      | Reached skill level 7 in Polearms
  2200 | D:3      | Reached XP level 5. HP: 41/43 MP: 5/5
  2200 | D:3      | Reached XP level 6. HP: 46/49 MP: 6/6
  2287 | D:3      | You fall into a shaft and drop 2 floors!
  2287 | D:5      | Entered Level 5 of the Dungeon
  2344 | D:5      | Found a glowing drain.
  2372 | Sewer    | Entered a sewer
  2459 | Sewer    | Noticed Pargi
  2468 | Sewer    | Killed Pargi
  2469 | Sewer    | Reached skill level 5 in Fighting
  2469 | Sewer    | Reached XP level 7. HP: 56/56 MP: 7/7
  2591 | D:4      | Reached skill level 8 in Polearms
  2843 | D:4      | Reached skill level 9 in Polearms
  3038 | D:4      | Reached XP level 8. HP: 61/64 MP: 8/8
  3907 | D:3      | Identified a scroll of acquirement
  3907 | D:3      | Acquired the amulet "Jefadd" {Faith rElec rC+}
  3973 | D:5      | Noticed Menkaure
  3980 | D:5      | Killed Menkaure
  3981 | D:5      | Reached skill level 10 in Polearms
  4051 | D:5      | Noticed Blork the orc
  4064 | D:5      | Killed Blork the orc
  4221 | D:5      | Found a shimmering blue altar of Sif Muna.
  4347 | D:5      | Noticed Ijyb
  4351 | D:5      | Killed Ijyb
  4352 | D:5      | Reached skill level 1 in Throwing
  4521 | D:5      | Reached *** piety under Trog
  4751 | D:6      | Found Qaannuty's Armour Emporium.
  4759 | D:6      | Bought a +2 pair of boots of rampaging for 236 gold pieces
  4809 | D:6      | Reached skill level 11 in Polearms
  4875 | D:6      | Found Niexokk's Jewellery Shoppe.
  4893 | D:6      | Reached XP level 9. HP: 66/69 MP: 9/9
  5339 | D:6      | Found a blossoming altar of Fedhas.
  5430 | D:6      | Found a hazy altar of Hepliaklqana.
  5943 | D:7      | Found a flagged portal.
  5967 | Bailey   | Entered a bailey
  5999 | Bailey   | Reached **** piety under Trog
  6010 | Bailey   | Noticed an orc warlord
  6061 | Bailey   | Reached skill level 12 in Polearms
  6212 | Bailey   | Found a runed translucent gate.
  6214 | Bailey   | Found a runed translucent gate.
  6215 | Bailey   | Found a runed translucent gate.
  6249 | Bailey   | Reached skill level 5 in Armour
  6575 | Bailey   | Killed an orc warlord
  6576 | Bailey   | Reached skill level 13 in Polearms
  6576 | Bailey   | Reached XP level 10. HP: 74/76 MP: 10/10
  6653 | Bailey   | Acquired a manual of Throwing
  6838 | D:7      | Paralysed by a hornet for 1 turns
  6846 | D:7      | Reached skill level 5 in Throwing
  6972 | D:7      | Reached skill level 14 in Polearms
  7054 | D:7      | Noticed a two-headed ogre
  7077 | D:7      | Killed a two-headed ogre
  7194 | D:7      | Identified the +7 shortbow of Sharkskin {vorpal, Fragile
                  | +Blink rElec rCorr}
  7254 | D:7      | Found a basalt altar of Yredelemnul.
  7536 | D:7      | Found a staircase to the Ecumenical Temple.
  7748 | D:8      | Noticed Prince Ribbit
  7767 | D:8      | Killed Prince Ribbit
  7768 | D:8      | Reached skill level 15 in Polearms
  7900 | D:8      | Found a sparkling altar of Nemelex Xobeh.
  7900 | D:8      | Found a burning altar of Makhleb.
  8657 | D:6      | Bought a +2 pair of gloves of dexterity for 236 gold pieces
  8800 | D:9      | Reached XP level 11. HP: 81/81 MP: 11/11
  8808 | D:9      | Reached skill level 5 in Dodging
  8901 | D:9      | Found a hide-covered altar of Uskayaw.
  8987 | D:9      | Found an ancient bone altar of Kikubaaqudgha.
  8998 | D:9      | Noticed Psyche
  9007 | D:9      | Killed Psyche
  9030 | D:9      | Noticed Maurice
  9038 | D:9      | Killed Maurice
  9080 | D:9      | Found a sacrificial altar of Ru.
  9127 | D:9      | Reached ***** piety under Trog
  9548 | D:10     | Entered Level 10 of the Dungeon
  9582 | D:10     | Reached skill level 16 in Polearms
  9654 | D:10     | Reached skill level 10 in Throwing
  9670 | D:10     | Noticed a two-headed ogre
  9676 | D:10     | Killed a two-headed ogre
  9824 | D:10     | Found a staircase to the Lair.
  9847 | D:10     | Found Cisch's Distillery.
  9920 | D:10     | Found a broken altar of Ashenzari.
  9946 | D:10     | Noticed Lodul
  9967 | D:10     | Killed Lodul
 10212 | D:10     | Found a white marble altar of Elyvilon.
 10385 | D:10     | Reached XP level 12. HP: 83/88 MP: 12/12
 10480 | D:10     | Reached skill level 17 in Polearms
 10526 | D:10     | Noticed an angel
 10527 | D:10     | Found a glowing silver altar of Zin.
 10527 | D:10     | Found a shimmering altar of Xom.
 10967 | D:11     | Found Biank's Armour Shoppe.
 11153 | D:11     | Found a staircase to the Orcish Mines.
 11161 | D:11     | Found Pemi's Weapon Shoppe.
 11170 | D:11     | Bought 4 boomerangs for 26 gold pieces
 11353 | D:11     | Found a runed translucent door.
 11415 | D:11     | Reached skill level 18 in Polearms
 11673 | D:11     | Noticed pdpol's ghost (journeyman TrMo)
 11673 | D:11     | Noticed an ogre mage
 11845 | D:11     | Noticed a boulder beetle
 11853 | D:11     | Killed a boulder beetle
 11854 | D:11     | Reached skill level 1 in Evocations
 12137 | D:11     | Identified the +2 pair of boots "Maeginku" {Str+4 Int+3}
 12387 | D:11     | Noticed a four-headed hydra
 12417 | D:11     | Killed a four-headed hydra
 12594 | D:11     | Noticed a centaur warrior
 12602 | D:11     | Killed a centaur warrior
 12610 | D:11     | Reached skill level 19 in Polearms
 12828 | D:11     | Identified the +2 great sword of Qugeoguh {vorpal, Str+5}
 13178 | D:11     | Reached XP level 13. HP: 96/96 MP: 13/13
 13345 | Lair:1   | Entered Level 1 of the Lair of Beasts
 13476 | Lair:1   | Found a gate leading to a gauntlet.
 13482 | Gauntlet | Entered a Gauntlet
 13482 | Gauntlet | Found a large runed translucent door.
 13482 | Gauntlet | Found a large runed translucent door.
 13482 | Gauntlet | Found a large runed translucent door.
 13482 | Gauntlet | Found a large runed translucent door.
 13482 | Gauntlet | Found a large runed translucent door.
 13482 | Gauntlet | Found a large runed translucent door.
 13482 | Gauntlet | Found a large runed translucent door.
 13482 | Gauntlet | Found a large runed translucent door.
 13482 | Gauntlet | Found a runed translucent door.
 13482 | Gauntlet | Found a runed translucent gate.
 13482 | Gauntlet | Found a transporter.
 13482 | Gauntlet | Found a transporter.
 13482 | Gauntlet | Found a runed translucent gate.
 13482 | Gauntlet | Found a transporter.
 13486 | Gauntlet | Found a transporter.
 13486 | Gauntlet | Found a transporter.
 13486 | Gauntlet | Found a transporter.
 13487 | Gauntlet | Found a runed translucent gate.
 13487 | Gauntlet | Found a runed translucent door.
 13491 | Gauntlet | Found a large runed translucent door.
 13491 | Gauntlet | Found a large runed translucent door.
 13496 | Gauntlet | Found a transporter.
 13498 | Gauntlet | Noticed a green death
 13500 | Gauntlet | Found a transporter.
 13510 | Gauntlet | Found a transporter.
 13518 | Gauntlet | Noticed a quicksilver ooze
 13556 | Gauntlet | Found a large runed translucent door.
 13556 | Gauntlet | Found a large runed translucent door.
 13559 | Gauntlet | Found a large runed translucent door.
 13559 | Gauntlet | Found a large runed translucent door.
 13560 | Gauntlet | Found a large runed translucent door.
 13561 | Gauntlet | Found a large runed translucent door.
 13613 | Gauntlet | Found a transporter.
 13615 | Gauntlet | Found a transporter.
 13625 | Gauntlet | Found a transporter.
 13714 | Gauntlet | Reached skill level 20 in Polearms
 13730 | Gauntlet | Reached skill level 5 in Evocations
 13862 | Gauntlet | Identified the ring "Ceunam" {AC+4 Str-4 Dex+4 Slay+5}
 14011 | Gauntlet | Identified the +7 halberd of the Shore {vorpal, *Noise
                  | Will+++ Str+6}
 14011 | Gauntlet | Noticed a minotaur
 14021 | Gauntlet | Killed a minotaur
 14022 | Gauntlet | Reached skill level 1 in Stealth
 14485 | Lair:1   | Reached skill level 10 in Fighting
 14764 | Lair:1   | Identified the +9 sling "Kuhiagg" {antimagic, rElec rC++
                  | Str+3 Dex-3}
 15377 | D:6      | Bought a ring of protection from fire for 350 gold pieces
 15649 | Lair:2   | Found a hole to the Spider Nest.
 15940 | Lair:2   | Found a transporter.
 15947 | Lair:2   | Noticed Cenuekhar's ghost (journeyman MeEE)
 15949 | Lair:2   | Found a bloodstained altar of Trog.
 15950 | Lair:2   | Found a transporter.
 16071 | Lair:2   | Found a staircase to the Shoals.
 16603 | D:11     | Killed pdpol's ghost
 16728 | Lair:3   | Reached XP level 14. HP: 113/113 MP: 5/14
 16869 | Lair:3   | Noticed Amaemon
 16901 | Lair:3   | Killed Amaemon
 18091 | Lair:4   | Noticed Urug
 18101 | Lair:4   | Killed Urug
 18432 | Lair:4   | Found a viscous altar of Jiyva.
 18432 | Lair:4   | Found a staircase to the Slime Pits.
 19026 | Lair:5   | Entered Level 5 of the Lair of Beasts
 19045 | Lair:5   | Found a frozen archway.
 19068 | IceCv    | Entered an ice cave
 19366 | IceCv    | Noticed a reaper
 19376 | IceCv    | Killed a reaper
 19967 | Lair:5   | Received a gift from Trog
 20368 | Lair:5   | Reached XP level 15. HP: 107/120 MP: 15/15
 20586 | Lair:5   | Reached skill level 15 in Throwing
 20924 | Lair:5   | Reached skill level 10 in Armour
 21241 | Lair:5   | Found a large runed translucent door.
 21241 | Lair:5   | Found a large runed translucent door.
 21247 | Lair:5   | Received a gift from Trog
 21601 | Orc:1    | Entered Level 1 of the Orcish Mines
 21601 | Orc:1    | Found Valif's Book Shoppe.
 21610 | Orc:1    | Found Kiliy's Armour Emporium.
 21674 | Orc:1    | Found Gajem's Distillery.
 21683 | Orc:1    | Bought a potion of flight for 33 gold pieces
 21767 | Orc:1    | Found Ysaeh's Book Emporium.
 22065 | Orc:1    | Noticed Seafoe's ghost (journeyman MiBe)
 22072 | Orc:1    | Found a runed translucent gate.
 22072 | Orc:1    | Found a runed translucent gate.
 22074 | Orc:1    | Found a runed translucent gate.
 22422 | Orc:1    | Killed Seafoe's ghost
 22439 | Orc:1    | Identified the ring "Dydeoghibu" {rElec rPois rC+ Dex+2}
 22470 | Orc:2    | Entered Level 2 of the Orcish Mines
 22556 | Orc:2    | Noticed Saint Roka
 22726 | Orc:1    | Killed Saint Roka
 22965 | Orc:2    | Received a gift from Trog
 23540 | Orc:2    | Paralysed by an orc sorcerer for 4 turns
 23750 | Orc:2    | Found Vurraxi's Weapon Shoppe.
 23750 | Orc:2    | Found Jod Xev's Assorted Antiques.
 23753 | Orc:2    | Found Ganem's Jewellery Shoppe.
 23753 | Orc:2    | Found Wocsetwa's Antique Armour Boutique.
 23837 | Orc:2    | Found a staircase to the Elven Halls.
 24126 | Orc:2    | Bought the ring of Bidwuzi {Fly rPois rC+ MP-9} for 340
                  | gold pieces
 24126 | Orc:2    | Bought a ring of see invisible for 255 gold pieces
 24135 | Orc:2    | Bought a shiny plate armour for 676 gold pieces
 24531 | D:12     | Reached skill level 21 in Polearms
 24881 | D:12     | Noticed Nessos
 24957 | D:12     | Killed Nessos
 25890 | D:13     | Identified the +6 hand axe "Kuthoss" {vamp, rPois Str+2
                  | Int-2}
 26167 | D:13     | Reached ****** piety under Trog
 26168 | D:13     | Reached XP level 16. HP: 129/129 MP: 7/16
 26833 | D:14     | Found a gate to the Vaults.
 27050 | D:14     | Received a gift from Trog
 27271 | D:14     | Found a stormy altar of Qazlal.
 27604 | D:15     | Entered Level 15 of the Dungeon
 27863 | D:15     | Reached skill level 22 in Polearms
 28825 | D:15     | Found a staircase to the Depths.
 29129 | Spider:1 | Entered Level 1 of the Spider Nest
 29463 | Spider:1 | Received a gift from Trog
 30277 | Spider:1 | Acquired a manual of Armour
 31097 | Spider:2 | Received a gift from Trog
 31186 | Spider:2 | Reached XP level 17. HP: 76/139 MP: 5/17
 32190 | Spider:3 | Noticed Arachne
 32235 | Spider:2 | Killed Arachne
 32697 | Spider:3 | Reached skill level 23 in Polearms
 32773 | Spider:3 | Noticed Bai Suzhen
 32781 | Spider:3 | Killed Bai Suzhen
 32914 | Spider:3 | Received a gift from Trog
 33529 | Spider:3 | Reached skill level 15 in Fighting
 33529 | Spider:3 | Upgraded the game from 0.30-a0-424-g7412bad402 to
                  | 0.30-a0-439-g9e77e4d916
 34271 | Spider:4 | Entered Level 4 of the Spider Nest
 34455 | Spider:4 | Received a gift from Trog
 35120 | Spider:4 | Reached XP level 18. HP: 149/149 MP: 9/18
 35485 | Spider:4 | Identified the +6 bardiche of Midnight {flame, Dex+2} (Trog
                  | gifted it to you on level 4 of the Spider Nest)
 35485 | Spider:4 | Received a gift from Trog
 35615 | Spider:4 | Reached skill level 24 in Polearms
 36140 | Spider:4 | Identified the +1 pair of boots of the World {rPois rN+++
                  | rCorr Int-3}
 36152 | Spider:4 | Identified the +1 hat of Valiance {Int-4 Dex+5}
 36154 | Spider:4 | Got a gossamer rune of Zot
 36324 | Shoals:1 | Entered Level 1 of the Shoals
 36413 | Shoals:1 | Received a gift from Trog
 36767 | Shoals:1 | Noticed Jorgrun
 36781 | Shoals:1 | Killed Jorgrun
 37613 | Shoals:1 | Acquired a manual of Dodging
 37645 | Shoals:2 | Found Cecedaav's Weapon Shoppe.
 37712 | Shoals:2 | Reached skill level 10 in Dodging
 38113 | Shoals:2 | Identified the -2 tower shield of Insatiable Hunger {Drain
                  | rF+ Will+++}
 38624 | Shoals:3 | Noticed Aizul
 38639 | Shoals:3 | Killed Aizul
 38694 | Shoals:3 | Found Kioteciq's Distillery.
 38703 | Shoals:3 | Received a gift from Trog
 38977 | Shoals:3 | Identified the +2 troll leather armour "Ficacsoe" {rF+
                  | Regen+}
 39199 | Shoals:3 | Reached skill level 15 in Armour
 39365 | Shoals:3 | Reached XP level 19. HP: 148/159 MP: 10/19
 39539 | Shoals:3 | Noticed Ilsuiw
 39568 | Shoals:3 | Killed Ilsuiw
 39772 | Shoals:3 | Noticed Nikola
 39794 | Shoals:3 | Killed Nikola
 40194 | Shoals:4 | Entered Level 4 of the Shoals
 40260 | Shoals:4 | Received a gift from Trog
 40559 | Shoals:4 | Reached skill level 15 in Dodging
 40960 | Shoals:4 | Got a barnacled rune of Zot
 41038 | Shoals:4 | Received a gift from Trog
 42250 | Elf:1    | Entered Level 1 of the Elven Halls
 42782 | Elf:1    | Identified the +6 lajatang "Imuozar" {flame, +Blink rN+
                  | Int-3 Stlth+} (Trog gifted it to you on level 1 of the
                  | Elven Halls)
 42782 | Elf:1    | Received a gift from Trog
 44026 | Elf:2    | Acquired 941 gold pieces
 44384 | Elf:2    | Received a gift from Trog
 44397 | Elf:2    | Identified the +4 quarterstaff "Jaoh" {vorpal, Will+}
 44717 | Elf:2    | Found a runed translucent gate.
 44717 | Elf:2    | Found a runed translucent gate.
 44717 | Elf:2    | Found a runed translucent gate.
 44751 | Elf:2    | Reached XP level 20. HP: 170/170 MP: 11/20
 45509 | Elf:2    | Identified the +5 glaive of Ganef {antimagic, +Blink rN+
                  | Dex-4 SInv} (Trog gifted it to you on level 2 of the Elven
                  | Halls)
 45509 | Elf:2    | Received a gift from Trog
 46310 | Elf:3    | Entered Level 3 of the Elven Halls
 46310 | Elf:3    | Noticed Asterion
 46328 | Elf:3    | Killed Asterion
 46965 | Abyss:2  | Found a corrupted altar of Lugonu.
 46965 | Abyss:2  | Cast into level 2 of the Abyss (a deep elf sorcerer)
 47020 | Abyss:2  | Found a corrupted altar of Lugonu.
 47336 | Elf:3    | Escaped the Abyss
 47395 | Elf:3    | Received a gift from Trog
 47766 | Elf:3    | Reached skill level 25 in Polearms
 47926 | Elf:3    | Found Zaptiff's Armour Shoppe.
 48155 | Elf:3    | Identified the ring of Xom's Sleight of Hands {rCorr Dex+6
                  | Slay+6}
 48172 | Elf:3    | Identified the +11 flail of the Sharing Spider {holy, rF+
                  | Str+4 Dex+4}
 48253 | Abyss:2  | Cast into level 2 of the Abyss (a deep elf demonologist)
 48273 | Abyss:2  | Found an ornate altar of the Wu Jian Council.
 48690 | Elf:3    | Escaped the Abyss
 48940 | Elf:3    | Received a gift from Trog
 48955 | Elf:3    | Found the +2 hat of the Bear Spirit {Spirit, *Rage Will++}
 48965 | Elf:3    | Reached XP level 21. HP: 150/182 MP: 12/21
 49056 | Elf:3    | Identified the +5 pair of gloves of Etilimeu {rPois rF+
                  | Dex+4}
 49147 | Elf:3    | Identified the +1 helmet of Sunlight {Harm}
 49707 | Vaults:1 | Entered Level 1 of the Vaults
 49752 | Abyss:3  | Cast into level 3 of the Abyss (a wizard)
 49958 | Vaults:1 | Escaped the Abyss
 50303 | Vaults:1 | Received a gift from Trog
 50417 | Vaults:2 | Identified the +0 chain mail of Hepluust {rN+ Int+3 Dex-5}
 50714 | Vaults:1 | Noticed Donald
 50721 | Vaults:1 | Reached skill level 26 in Polearms
 50745 | Vaults:1 | Killed Donald
 51166 | Vaults:1 | Received a gift from Trog
 51666 | Vaults:1 | Found Peuxt's Armour Shop.
 52934 | Vaults:2 | Received a gift from Trog
 53219 | Vaults:2 | Reached XP level 22. HP: 194/194 MP: 22/22
 53487 | Vaults:2 | Found a staircase to the Crypt.
 53586 | Vaults:2 | Reached skill level 27 in Polearms
 53892 | Vaults:2 | You fall into a shaft and drop 1 floor!
 54108 | Vaults:3 | Received a gift from Trog
 54801 | Vaults:3 | Received a gift from Trog
 55183 | Vaults:3 | Identified the ring "Daewewux" {rCorr AC+4 Str+4}
 56209 | Vaults:4 | Received a gift from Trog
 56383 | Vaults:4 | Found a runed translucent gate.
 56383 | Vaults:4 | Found a runed translucent gate.
 56383 | Vaults:4 | Found a runed translucent gate.
 56384 | Vaults:4 | Noticed Lisoumnu's ghost (adept VSBe)
 56384 | Vaults:4 | Noticed Jesycrur's ghost (veteran OpEE)
 57446 | Vaults:5 | Entered Level 5 of the Vaults
 57504 | Vaults:5 | Received a gift from Trog
 57792 | Vaults:5 | Noticed an ancient lich
 57793 | Vaults:5 | Reached XP level 23. HP: 62/207 MP: 7/23
 57796 | Vaults:5 | Killed from afar by an ancient lich

Illustrated notes

Levels and vault maps discovered:
D:1:      heliophobic_arrival_ceremonial_halls, layout_loops_corners,
          ebering_ecumenical_altar_abandoned, ebering_dispersal_statue_hall
D:2:      layout_basic
D:3:      layout_rooms, grunt_dithmenos_smoke, kennysheep_decorative_pillar,
          feat_on_display, uniq_grinder
D:4:      layout_basic, dk_vineyard_2
D:5:      layout_loops_ring, mainiacjoe_overflow_small_starburst,
          cheibrodos_sewer_entry_sluice, uniq_menkaure, uniq_ijyb,
          uniq_blork_the_orc
D:6:      layout_basic, nicolae_hepliaklqana_hazy_memory,
          nicolae_overflow_crystal_walls, serial_shops, shop_statue,
          nicolae_shop_waterfront
D:7:      minmay_octagon_keep, layout_basic, mainiacjoe_overflow_cross_hatched,
          minmay_temple_entry_slanted, lightli_bailey_entry_fortress,
          grunt_tough_drop
D:8:      layout_loops_ring, mainiacjoe_overflow_large_starburst,
          uniq_prince_ribbit1
D:9:      layout_basic, eat_drink_and_be_merry_uskayaw, general_overflow_altar,
          mainiacjoe_overflow_surrounded_room, uniq_maurice, uniq_psyche
D:10:     layout_loops_ring, grunt_temple_overflow_order_and_chaos_1,
          amcnicky_altar_gilded, elyvilon_altar_3, minmay_lair_entry_grove,
          serial_shops, shop, uniq_lodul
D:11:     minmay_the_grid_triangle_9x9_rhombus_thin_mashed
          [minmay_the_grid_triangle_9x9_sparse_checkered,
          minmay_the_grid_triangle_9x9_prize_insulated,
          minmay_the_grid_triangle_9x9_from_above,
          minmay_the_grid_triangle_9x9_minimal], layout_cave_pods, orc_david_3,
          ebering_ghost_inner_flame
D:12:     layout_roguey, serial_co_window_serial, co_window_paths_a,
          co_window_paths_a, co_window_paths_a, co_window_corner_a,
          co_window_of_opportunity_a, co_window_corner_cb, co_window_paths_c,
          co_window_corner_b, co_window_corner_b, co_window_corner_b,
          co_window_broadway_a, co_window_unsneaky_path_b, co_window_paths_e,
          glass_columns_c, glass_columns_a, glass_columns_c, uniq_nessos
D:13:     minmay_cornered_nines, layout_stronghold
D:14:     layout_stronghold, david_vaults_2, basic_altar
D:15:     hangedman_depths_entry_try_elsewhere_first, layout_basic,
          nrook_mini_vaults, minivault_1
Lair:1:   layout_chaotic_city, gauntlet_entry_generic, hibernation_bobbens
Lair:2:   layout_loops_ring, shoals_dummy_entry,
          nicolae_spider_entry_orb_guardian, gammafunk_ghost_wrathful_warriors
Lair:3:   layout_cave_pods, uniq_amaemon
Lair:4:   layout_loops_ring, nicolae_slime_entry_slimehenge, serial_rivers,
          chequers_serial_rivers_micro_e, chequers_serial_rivers_small_b,
          chequers_serial_rivers_micro_b, chequers_serial_rivers_marsh,
          chequers_serial_rivers_micro_e, grunt_megastairs_3, uniq_urug
Lair:5:   cheibrodos_lair_end_hotspot, layout_long_grid,
          portal_ice_cave_demonic_guard, dreamdust_gnoll_shepherd
Shoals:1: layout_shoals, uniq_jorgrun
Shoals:2: layout_shoals, serial_shops, shop_fountains
Shoals:3: layout_shoals, nicolae_stop_n_shop_1, uniq_nikola, uniq_ilsuiw,
          uniq_aizul
Shoals:4: shoals_end_grunt_garden, layout_shoals,
          nicolae_shoals_beach_house_on_fowls_legs
Spider:1: layout_spider_delve
Spider:2: layout_spider_delve
Spider:3: layout_cave_pods, drop_trap, nicolae_spider_rock_and_or_roll,
          uniq_bai_suzhen, uniq_arachne
Spider:4: hellmonk_spider_rune_bug_friends, hangedman_spider_tarantella_strand
Orc:1:    layout_caves, serial_shops, nicolae_shop_advertising_works
          [nicolae_subvault_shop_adworks], nicolae_diamond_shop, shop,
          nicolae_shop_window_shopping, gammafunk_ghost_split, basic_altar
Orc:2:    grunt_orc_tribal_feast, layout_diamond_mine, uniq_saint_roka
Elf:1:    layout_gridlike, minmay_elf_sorcery
Elf:2:    nicolae_elf_blades_splatter_lattice
          [nicolae_blade_entry_sentries_behind_glass], layout_geoelf_diagonals,
          grunt_megastairs_4
Elf:3:    minmay_elf_hall_furrowed, layout_loops_ring, serial_shops, shop,
          dk_noncrumbling_3, uniq_asterion
Vaults:1: nicolae_vaults_circle_grid_a, v_misc_12,
          vaults_room_grunt_arrival_checkpoint, grunt_vaults_trifunnel,
          hangedman_vaults_stagger, v_alt_pattern_4, v_misc_3, vaults_mumra_hex,
          nicolae_vaults_circle_grid_a, grunt_vaults_diagonal,
          layout_vaults_omnibox, serial_shops, shop, uniq_donald
Vaults:2: hangedman_vaults_capsules, vaults_standard_mumra_x,
          grunt_vaults_bifocal, v_alt_pattern_2, v_misc_19,
          ontoclasm_vaults_loading_screen, v_misc_24, vaults_room_fours,
          ontoclasm_vaults_claustrophobia, vaults_room_stairs_pillars,
          v_pattern_1, minmay_crypt_entry_simple_box, vaults_room_door_ring,
          layout_vaults_omnicross
Vaults:3: ontoclasm_vaults_decontamination, ontoclasm_vaults_eye,
          hangedman_vaults_cutoff, ontoclasm_vaults_spin, v_alt_pattern_6,
          ontoclasm_vaults_gateway, vaults_room_hallway,
          layout_vaults_chaotic_city
Vaults:4: gammafunk_ghost_cemetery, v_pattern_4, vaults_mumra_hexcomb,
          nicolae_vaults_little_squares_4, v_misc_10,
          ontoclasm_vaults_ring_small, nicolae_vaults_mini_display_case,
          vaults_room_pools, v_misc_26, grunt_vaults_hallway_long,
          nicolae_vaults_alarming, layout_vaults_omnigrid
Vaults:5: serial_shops

Skill      XL: |  1  2  3  4  5  6  7  8  9 10 11 12 13 14 15 16 17 18 19 20 21 22 |
---------------+-------------------------------------------------------------------+-----
Polearms       | 5 7 9 11 13 15 16 19 20 21 22 23 24 25 26 27 | 27.0
Armour         | 2 3 4 5 6 9 10 11 13 15 16 17 | 17.1
Fighting       | 4 5 6 7 11 12 14 15 16 17 19 21 23 | 23.4
Throwing       | 2 4 8 11 12 14 16 | 16.2
Dodging        | 4 8 13 19 | 19.3
Evocations     | 3 6 8 9 |  9.1
Stealth        | 2 3 |  3.0

Action                   |  1- 3 |  4- 6 |  7- 9 | 10-12 | 13-15 | 16-18 | 19-21 | 22-24 || total
-------------------------+-------+-------+-------+-------+-------+-------+-------+-------++-------
Melee: Spear             |   134 |   144 |   174 |       |       |       |       |       ||   452
       Punch             |     1 |     2 |     2 |       |     1 |       |       |       ||     6
       Tailslap          |       |     2 |     2 |       |     1 |       |       |       ||     5
       Glaive            |       |       |   241 |   206 |   894 |    38 |    16 |       ||  1395
       Halberd           |       |       |       |   414 |       |       |       |       ||   414
       Trident           |       |       |       |    10 |    33 |       |       |       ||    43
       Bardiche          |       |       |       |       |   345 |  1083 |  1249 |   495 ||  3172
 Fire: Sling             |       |       |       |       |     2 |       |       |       ||     2
Throw: Stone             |       |       |     8 |       |       |       |       |       ||     8
       Boomerang         |       |       |     8 |    35 |    46 |   182 |    15 |    12 ||   298
       Dart              |       |       |       |     3 |    24 |   159 |       |       ||   186
       Javelin           |       |       |       |       |       |     1 |    23 |       ||    24
       Throwing net      |       |       |       |       |       |       |     2 |       ||     2
Invok: Berserk           |       |     3 |     8 |    11 |    17 |     8 |    14 |     2 ||    63
       Trog's Hand       |       |     1 |     3 |     8 |     6 |     7 |    12 |     4 ||    41
       Brothers in Arms  |       |       |     1 |     1 |     4 |     1 |     4 |     3 ||    14
 Abil: Evoke Blink       |       |       |       |       |       |       |       |     1 ||     1
Evoke: Wand              |       |       |     1 |       |     1 |     1 |       |       ||     3
       Condenser vane    |       |       |       |       |       |     2 |     3 |     1 ||     6
       Tin of tremorston |       |       |       |       |       |       |     4 |       ||     4
  Use: Scroll            |       |     1 |    18 |     7 |     8 |     3 |     9 |     3 ||    49
       Potion            |       |       |     2 |     4 |     2 |     3 |     1 |     2 ||    14
 Stab: Sleeping          |     3 |       |       |       |       |       |       |       ||     3
       Invisible         |       |       |     2 |       |       |       |       |       ||     2
       Held in net/web   |       |       |       |       |       |       |     2 |       ||     2
       Distracted        |       |       |       |       |       |       |       |     1 ||     1
Armor: Animal skin       |    16 |     3 |       |       |       |       |       |       ||    19
       Chain mail        |       |    23 |   200 |    79 |       |       |       |       ||   302
       Plate armour      |       |       |       |   200 |   700 |   788 |   519 |   232 ||  2439
Dodge: Dodged            |    45 |    39 |   105 |   167 |   410 |   514 |   666 |   328 ||  2274

Table legend: (Time is in decaauts)
 A = Elapsed time spent in this place.
 B = Non-inter-level travel time spent in this place.
 C = Inter-level travel time spent in this place.
 D = Time resting spent in this place.
 E = Time spent auto-exploring this place.
 F = Levels seen in this place.
 G = Mean time per level.
                   A        B        C        D        E       F      G
               +--------+--------+--------+--------+--------+-----+--------+
         Total |  56022 |  49817 |   6205 |   9468 |  30108 |  45 | 1244.9 |
       Dungeon |  18589 |  16286 |   2303 |   2218 |  11296 |  15 | 1239.3 |
          Lair |   7209 |   6073 |   1136 |    788 |   4141 |   5 | 1441.8 |
        Shoals |   4214 |   3913 |    301 |    811 |   2271 |   4 | 1053.5 |
   Spider Nest |   7117 |   6631 |    486 |   1694 |   3356 |   4 | 1779.2 |
  Orcish Mines |   3021 |   2359 |    662 |    488 |   1351 |   2 | 1510.5 |
   Elven Halls |   5499 |   4988 |    511 |   1416 |   2581 |   3 | 1833.0 |
        Vaults |   7243 |   6440 |    803 |   1175 |   4174 |   5 | 1448.6 |
         Abyss |    925 |    925 |      0 |    191 |    193 |   3 |  308.3 |
         Sewer |    183 |    183 |      0 |      0 |    130 |   1 |  183.0 |
        Bailey |    695 |    695 |      0 |    125 |    301 |   1 |  695.0 |
      Ice Cave |    507 |    507 |      0 |    193 |     89 |   1 |  507.0 |
      Gauntlet |    816 |    816 |      0 |    365 |    222 |   1 |  816.0 |
               +--------+--------+--------+--------+--------+-----+--------+

Top non-repeatable levels by time:
    D:11: 2862 daAuts
   Elf:2: 2346 daAuts
Vaults:2: 1975 daAuts
Spider:3: 1972 daAuts
   Elf:3: 1964 daAuts
  Lair:5: 1919 daAuts
Vaults:3: 1883 daAuts
Vaults:1: 1812 daAuts
   Orc:2: 1776 daAuts
Spider:4: 1773 daAuts
Spider:2: 1704 daAuts
Spider:1: 1668 daAuts
  Lair:2: 1649 daAuts
    D:10: 1508 daAuts
  Lair:1: 1466 daAuts
